 Dungeon Crawl Stone Soup version 0.30.0-5-g1a98f26d00 (webtiles) character file.

Game seed: 3508466324310181718

400328 Strat the Warrior (level 22, -4/128 HPs)
             Began as a Vine Stalker Fire Elementalist on May 11, 2023.
             Was an Initiate of Gozag.
             Slain by a death yak (28 damage)
             ... summoned by a spriggan berserker
             ... on level 2 of the Depths.
             The game lasted 03:02:39 (55946 turns).

Strat the Warrior (Vine Stalker Fire Elementalist) Turns: 55946, Time: 03:02:39

Health: -4/128     AC: 25    Str: 15    XL:     22   Next: 94%
Magic:  0/43       EV: 17    Int: 15    God:    Gozag
Gold:   12130      SH: 14    Dex: 17    Spells: 27/54 levels left

rFire   . . .        a - +9 rapier (speed)
rCold   . . .        h - +0 kite shield of the Orb {Will+}
rNeg    . . .        f - +3 steam dragon scales
rPois   +            n - +2 hat {Stlth+}
rElec   +            (no cloak)
rCorr   .            Z - +2 pair of gloves
SInv    .            e - +2 pair of boots {Stlth+}
Will    +++++        B - amulet of regeneration
Stlth   ++++++++     o - ring of the Tortoise {AC+8}
HPRegen 2.01/turn    s - ring "Coyfoh" {rElec rPois Will++ Dex-5}
MPRegen 0.28/turn

%: guardian spirit
@: forested
A: fangs 3, regeneration 1, magic shield, antimagic bite, no potion heal 2
}: 3/15 runes: barnacled, silver, gossamer
a: Renounce Religion, Potion Petition, Call Merchant, Bribe Branch


You were on level 2 of the Depths.
You worshipped Gozag.
Gozag was extremely pleased with you.
You visited 9 branches of the dungeon, and saw 41 of its levels.
You visited 2 bazaars.
You also visited: Ossuary and Volcano.

You collected 20748 gold pieces.
You spent 5498 gold pieces at shops.
You paid 3120 gold pieces to Gozag.

Inventory:

Hand Weapons
 a - a +9 rapier of speed (weapon)
 b - a +6 rapier of electrocution
Missiles
 q - 3 boomerangs of dispersal
 G - 2 throwing nets
 T - 11 javelins
 U - 10 curare-tipped darts
Armour
 e - a +2 pair of boots of stealth (worn)
 f - +3 steam dragon scales (worn)
 h - the +0 kite shield of the Orb (worn) {Will+}
   (You acquired it on level 3 of the Elven Halls)

   Will:      It increases your willpower.
 n - a +2 hat of stealth (worn)
 S - the +0 hat of the Cicada {rElec Stlth+}
   (You found it on level 4 of the Spider Nest)

   rElec:     It insulates you from electricity.
   Stlth:     It makes you more stealthy.
 Z - a +2 pair of gloves (worn)
Jewellery
 o - the ring of the Tortoise (left hand) {AC+8}
   (You bought it in a shop on level 2 of the Orcish Mines)

   [ring of protection]

   AC:        It affects your AC (+8).
 s - the ring "Coyfoh" (right hand) {rElec rPois Will++ Dex-5}
   (You bought it in a shop on level 2 of the Depths)

   [ring of poison resistance]

   Dex:       It affects your dexterity (-5).
   rElec:     It insulates you from electricity.
   rPois:     It protects you from poison.
   Will:      It greatly increases your willpower.
 t - an amulet of the acrobat
 y - the ring of Ramuim {rC+ rN+ rCorr Str+6}
   (You acquired it on level 2 of the Elven Halls)

   [ring of strength]

   Str:       It affects your strength (+6).
   rC:        It protects you from cold.
   rN:        It protects you from negative energy.
   rCorr:     It protects you from acid and corrosion.
 A - a ring of protection from cold
 B - an amulet of regeneration (around neck)
 F - a ring of see invisible
 H - a ring of protection from fire
 J - the ring of Pobomih {Fly rElec rC++ Str-5 Int+2 Slay+2}
   (You took it off a merfolk siren on level 3 of the Shoals)

   [ring of flight]

   Str:       It affects your strength (-5).
   Int:       It affects your intelligence (+2).
   Slay:      It affects your accuracy & damage with ranged weapons and melee
   (+2).
   rC:        It greatly protects you from cold.
   rElec:     It insulates you from electricity.
   Fly:       It grants you flight.
 L - a ring of poison resistance
 Y - a +4 ring of slaying
Wands
 p - a wand of flame (57)
 D - a wand of charming (53)
 K - a wand of mindburst (7)
 Q - a wand of quicksilver (1)
 V - a wand of roots (19)
 W - a wand of polymorph (20)
 X - a wand of digging (2)
Scrolls
 j - 12 scrolls of teleportation
 k - 13 scrolls of poison
 v - 3 scrolls of fog
 C - 4 scrolls of silence
 I - 5 scrolls of amnesia
 M - a scroll of blinking
 N - 7 scrolls of fear
 O - 5 scrolls of magic mapping
Potions
 c - 2 potions of haste
 d - 2 potions of invisibility
 g - 4 potions of might
 i - 6 potions of mutation
 l - 13 potions of curing
 m - 10 potions of magic
 r - 8 potions of attraction
 u - 8 potions of brilliance
 w - 3 potions of flight
 x - 13 potions of lignification
 z - 8 potions of ambrosia
 P - 2 potions of cancellation


   Skills:
 + Level 17.7 Fighting
 - Level 14.0 Short Blades
 - Level 5.0 Armour
 - Level 10.0 Dodging
 - Level 15.0 Stealth
 - Level 15.0 Shields
 - Level 16.6 Spellcasting
 - Level 1.0 Conjurations
 + Level 12.1 Summonings
 + Level 10.1 Translocations
 - Level 5.0 Transmutations
 - Level 3.0 Fire Magic
 - Level 6.0 Air Magic
 - Level 5.0 Evocations


You had 27 spell levels left.
You knew the following spells:

 Your Spells              Type           Power      Damage    Failure   Level
a - Foxfire               Conj/Fire      72%        2x1d7     3%          1
b - Scorch                Fire           42%        2d7       3%          2
c - Passwall              Tmut/Erth      15%        N/A       4%          2
d - Wereblood             Tmut           27%        N/A       1%          2
e - Summon Lightning Spi  Summ/Air       39%        N/A       1%          4
f - Summon Forest         Summ/Tloc      22%        N/A       2%          5
g - Vhi's Electric Charg  Tloc/Air       72%        N/A       1%          3
h - Summon Guardian Gole  Hex/Summ       30%        N/A       2%          3
i - Summon Mana Viper     Hex/Summ       30%        N/A       21%         5

Your spell library contained the following spells:

 Spells                   Type           Power      Damage    Failure   Level
 Beastly Appendage        Tmut           54%        N/A       1%          1
 Summon Small Mammal      Summ           100%       N/A       1%          1
 Call Canine Familiar     Summ           48%        N/A       1%          3
 Volatile Blastmotes      Fire/Tloc      64%        2d15      1%          3
 Manifold Assault         Tloc           42%        N/A       1%          4
 Static Discharge         Conj/Air       44%        2-4/arc   3%          2
 Portal Projectile        Hex/Tloc       54%        N/A       3%          3
 Cigotuvi's Dreadful Rot  Necr/Pois/Air  36%        N/A       6%          2
 Kiss of Death            Conj/Necr      52%        2d9       7%          1
 Airstrike                Air            15%        2d(3-19)  8%          4
 Freeze                   Ice            48%        1d6       9%          1
 Sandblast                Erth           24%        2d8       9%          1
 Ignite Poison            Fire/Tmut/Pois 20%        N/A       9%          3
 Iskenderun's Mystic Bla  Conj/Tloc      29%        2d7       9%          4
 Summon Cactus Giant      Summ           24%        N/A       9%          6
 Spider Form              Tmut/Pois      19%        N/A       10%         3
 Inner Flame              Hex/Fire       16%        N/A       14%         3
 Dispersal                Tloc           21%        N/A       21%         6
 Hailstorm                Conj/Ice       13%        3d5       22%         3
 Stone Arrow              Conj/Erth      26%        3d8       22%         3
 Confusing Touch          Hex            12%        N/A       26%         3
 Frozen Ramparts          Ice            24%        1d4       26%         3
 Flame Wave               Conj/Fire      18%        2d7       36%         4
 Sticky Flame             Conj/Fire      18%        2d4       36%         4
 Arcjolt                  Conj/Air       11%        1d21      50%         5
 Fulminant Prism          Conj/Hex       6%         3d7       56%         4
 Malign Gateway           Summ/Tloc      22%        N/A       58%         7
 Anguish                  Hex/Necr       6%         N/A       65%         4
 Dispel Undead            Necr           12%        3d9       65%         4
 Leda's Liquefaction      Hex/Erth       6%         N/A       65%         4
 Alistair's Intoxication  Tmut/Pois      12%        N/A       65%         5
 Agony                    Necr           12%        N/A       94%         5
 Borgnjor's Vile Clutch   Necr/Erth      6%         N/A       94%         5
 Lee's Rapid Deconstruct  Erth           6%         3d6*      94%         5
 Eringya's Noxious Bog    Tmut/Pois      9%         N/A       99%         6
 Haunt                    Necr/Summ      15%        N/A       99%         7
 Death Channel            Necr           6%         N/A       100%        6
 Enfeeble                 Hex            6%         N/A       100%        7
 Disjunction              Tloc           21%        N/A       100%        8
 Maxwell's Capacitive Co  Air            15%        ∞         100%        8
 Animate Dead             Necr           Unusable   N/A       N/A         4

Dungeon Overview and Level Annotations

Branches:
Dungeon (15/15)            Temple (1/1) D:4            Lair (5/5) D:9
 Shoals (4/4) Lair:3       Spider (4/4) Lair:2        Slime (0/5) Lair:5
    Orc (2/2) D:10            Elf (3/3) Orc:2        Vaults (5/5) D:14
  Crypt (0/3) Vaults:2     Depths (2/4) D:15        Ossuary (visited)
Volcano (visited)

Altars:
Ashenzari
Cheibriados
Dithmenos
Elyvilon
Fedhas
Gozag
Hepliaklqana
Kikubaaqudgha
Makhleb
Nemelex Xobeh
Okawaru
Qazlal
Ru
Sif Muna
Trog
Uskayaw
Vehumet
Wu Jian
Xom
Yredelemnul
Zin
The Shining One
Jiyva

Shops:
D:2 :   D:11 **   Orc:2 *?=!=?   Shoals:2 =((   Vaults:3 !   Vaults:4 (
Vaults:5 ([   Depths:1 *   Depths:2 [(=:

Portals:
Hell: Depths:1 Depths:2
Abyss: Depths:1
Pandemonium: Depths:2
Trove: D:15 (show slimy rune of Zot)

Annotations:
D:3 3 runed translucent doors, SeerSkye's ghost, amateur GrEE
D:9 1 runed translucent door
Lair:1 3 runed translucent doors, scisormetimb3rs's ghost, journeyman FoFi
Shoals:4 Polyphemus
Elf:1 4 runed translucent doors
Elf:2 5 runed translucent doors


Innate Abilities, Weirdness & Mutations

You have razor-sharp teeth.
Your natural rate of healing is unusually fast.
When hurt, damage is shared between your health and your magic reserves.
Your bite disrupts and absorbs the magic of your enemies.
Potions cannot restore your health.


Message History

Your dryad is poisoned.
The elephant tramples your dryad!
Your dryad stumbles backwards!
You hear some strange, mumbled words.
Your dryad resists with almost no effort.
The death yak rages.
Trunks creak and shift.
Something is hit by a branch!
A tree reaches out and hits something!
The spriggan berserker hits your dryad with the +10 hand axe "Zov Veul" {venom, rElec}!
Your dryad looks as sick as possible!
The elephant tramples your dryad!
Your dryad holds its ground!
Your dryad dies!
Your dryad's corpse disappears in a puff of smoke!
The forest abruptly stops moving.
Something barely misses your lightning spire.
Something bites your lightning spire but does no damage.
The death yak rages.
Something hits your lightning spire! Something bites your lightning spire.
Your lightning spire shoots out a bolt of lightning at the death yak!
The bolt of electricity hits the death yak.
The elephant tramples your lightning spire but does no damage.
The elephant trunk-slaps your lightning spire but does no damage.
Something hits your lightning spire!!
Your lightning spire is destroyed!
Your lightning spire disappears in a puff of smoke!
The spriggan berserker rages.
The spriggan berserker hits you with the +10 hand axe "Zov Veul" {venom, rElec}!
* * * LOW HITPOINT WARNING * * *
The spriggan berserker attacks as you move away!
You block the spriggan berserker's attack.
A stone giant comes into view.
The death yak gores you!!
* * * LOW HITPOINT WARNING * * *
The spriggan berserker hits you with the +10 hand axe "Zov Veul" {venom, rElec}!!!
* * * LOW HITPOINT WARNING * * *
You block the death yak's attack.
The spriggan berserker attacks as you move away!
You block the spriggan berserker's attack.
The death yak attacks as you move away! The death yak gores you!!
You die...
Your body crumbles into a pile of gold.

.##..#######(.##..##.....#.#
##..##..' ##..##..#.....#.#
#..##|.# ##..##.##..!.#.#
..##..# ##..#..#....#.#
.##..# ##.##.##.....# .#..#
#..#..#....## ##.##
##.##.#...## ##.#
♣#♣#'##.#'#)# ##.##
##.i@.##.#.#.# .#..##
♣#..Y..#..#.#.# .##..##
##.....##.##.#.# ..##..##
##.~Y...#..#..#.#
...##..♣##~.§.♣.##.##.##.#
....##..'C{≈§≈~##..#..#..#
..)..####.~~~≈#♣..##.##..#
.......##.~..♣♣..##..#...#
#.......#..##♣..##..##.#.#


You could see a stone giant, a death yak (summoned, berserk), an elephant
(summoned, berserk) and a spriggan berserker (berserk).

Vanquished Creatures
  Bai Suzhen (Spider:3)
  Nikola (Elf:1)
  Arachne (Spider:2)
  Jorgrun (Elf:1)
  Asterion (Spider:2)
  3 titans
  3 deep elf master archers
  2 quicksilver dragons (Vaults:5)
  A deep elf blademaster (Elf:3)
  Gastronok (Lair:3)
  4 sphinxes
  2 shadow dragons (Vaults:5)
  Frances (Shoals:1)
  Agnes (Spider:4)
  A tengu reaver (Vaults:2)
  Donald (Spider:1)
  4 fire giants (Depths:2)
  2 deep elf sorcerers (Elf:3)
  6 emperor scorpions
  13 vault wardens
  6 frost giants
  Aizul (Spider:3)
  3 ghost moths
  A deep elf elementalist (Elf:3)
  An orc warlord (Elf:1)
  13 ironbound preservers
  3 war gargoyles
  21 very ugly things
  6 ironbound thunderhulks
  A vampire knight (Depths:2)
  5 deep elf demonologists
  7 stone giants
  Nessos (Lair:3)
  7 deep elf annihilators (Elf:3)
  7 dire elephants
  3 spark wasps
  An eidolon (Vaults:2)
  11 merfolk impalers
  7 deep elf death magi
  5 ettins
  A green death (Depths:2)
  Josephine (Lair:5)
  4 fire dragons
  3 merfolk javelineers
  Snorg (D:10)
  7 great orbs of eyes
  A jiangshi (Vaults:2)
  3 deep elf high priests
  8 entropy weavers
  2 merfolk avatars
  10 yaktaur captains
  A jorogumo (Spider:4)
  2 rakshasas (Depths:2)
  2 peacekeepers
  A servant of whispers (Elf:1)
  2 ogre magi
  2 hydras
  33 vault guards
  6 boulder beetles
  A satyr (Shoals:4)
  A spriggan air mage (Depths:1)
  A catoblepas (Lair:5)
  7 ironbound frosthearts
  2 ice dragons (Depths:2)
  Erica (Lair:1)
  A tengu warrior (Depths:2)
  A radroach (Spider:4)
  6 two-headed ogres
  9 death yaks
  6 dancing weapons
  10 centaur warriors
  4 deep troll shamans
  3 merfolk aquamancers
  Urug (Lair:5)
  3 deep troll earth magi
  6 orc high priests
  2 sun demons (Depths:1)
  7 deep elf knights
  3 hell knights (Depths:2)
  12 spriggans (Lair:5)
  2 iron trolls (D:15)
  3 skeletal warriors (D:15)
  Sonja (D:12)
  A fire crab (Volcano)
  7 pharaoh ants
  2 flayed ghosts (Depths:2)
  5 skysharks
  10 sea snakes
  6 sun moths
  6 deep elf archers
  23 deep trolls
  40 slime creatures
  7 steelbarb worms
  A glowing orange brain (Depths:2)
  14 orb spiders
  5 lindwurms
  16 wizards
  26 harpies
  12 ironbound convokers
  3 phantasmal warriors
  3 orc knights
  12 deep elf pyromancers
  42 ugly things
  6 necromancers
  17 deep elf zephyrmancers
  2 orc sorcerers
  7 fauns (Shoals:2)
  16 manticores
  6 cyclopes
  A salamander (Depths:1)
  17 wolf spiders
  A rust devil (Depths:2)
  3 moths of wrath
  A frost giant skeleton (Depths:1)
  4 black mambas
  7 demonic crawlers
  An ice statue (Spider:1)
  2 stone giant skeletons
  5 merfolk sirens
  3 torpor snails
  8 elephants
  2 gargoyles
  11 vault sentinels
  8 water nymphs
  7 cane toads
  A centaur skeleton (D:15)
  2 rime drakes (Lair:5)
  An unseen horror (D:10)
  Maggie (D:6)
  3 kobold demonologists
  29 yaktaurs
  2 efreet
  6 komodo dragons
  A spark wasp simulacrum (Depths:1)
  2 freezing wraiths (Vaults:5)
  3 meliai (Spider:4)
  7 trolls
  3 polar bears
  A harpy zombie (D:15)
  21 merfolk
  27 tarantellas
  A queen bee (shapeshifter) (Elf:1)
  9 hornets
  A hellwing (Depths:2)
  A tarantella (shapeshifter) (D:11)
  10 blink frogs
  Prince Ribbit (D:5)
  9 wind drakes
  3 saltlings (Elf:1)
  6 dream sheep
  A meliai zombie (D:15)
  A sphinx simulacrum (Vaults:3)
  11 snapping turtles
  A stone giant simulacrum (Vaults:4)
  2 large abominations (Elf:1)
  23 culicivoras
  Sigmund (D:6)
  A centaur simulacrum (D:14)
  2 shadows
  2 air elementals (Elf:3)
  25 jumping spiders
  9 water elementals
  A ynoxinul (Depths:2)
  2 wyverns (Lair:4)
  11 wraiths
  2 fire elementals
  4 basilisks
  31 yaks
  59 redbacks
  A chaos spawn (Depths:2)
  A golden eye (shapeshifter) (D:14)
  An elf skeleton (Vaults:4)
  10 vampire mosquitoes
  7 wargs
  A glowing shapeshifter zombie (Vaults:4)
  12 water moccasins
  3 acid dragons
  Duvessa (D:4)
  3 hell hounds (Volcano)
  A floating eye (Depths:2)
  A floating eye (shapeshifter) (D:11)
  4 ice beasts
  A sky beast (D:7)
  6 black bears
  25 orc warriors
  A black bear (shapeshifter) (D:13)
  10 ogres
  31 wolves
  6 boggarts
  21 centaurs
  A phantom (D:5)
  10 elf zombies
  3 kobold brigands
  12 bullfrogs
  3 gnoll sergeants
  2 scorpions (D:7)
  3 wights (D:9)
  Dowan (D:4)
  13 killer bees
  A vampire bat (D:4)
  5 electric eels
  6 howler monkeys
  5 lava snakes (Volcano)
  3 jellies
  31 orc priests
  A gnoll bouda (D:10)
  7 hounds
  3 iguanas (D:5)
  3 sleepcaps
  31 orc wizards
  4 mummies (Ossuary)
  9 gnolls
  12 adders
  2 shadow imps
  3 white imps
  2 adder zombies (Ossuary)
  2 worms
  2 dart slugs
  14 fire bats
  68 orcs
  2 spectral bats (D:4)
  3 bat skeletons (D:4)
  A bat zombie (D:4)
  7 endoplasms
  6 giant cockroaches
  12 goblins
  7 hobgoblins
  6 jackals (D:3)
  2 quokkas
  2 training dummies (Elf:1)
  4 ball pythons
  24 bats
  A bat simulacrum (D:4)
  2 frilled lizards (D:1)
  A hobgoblin zombie (Ossuary)
  2 jackal zombies (Ossuary)
  14 kobolds
  A kobold zombie (Ossuary)
  An orc zombie (Ossuary)
  6 rats (D:1)
  A rat zombie (Ossuary)
1573 creatures vanquished.

Vanquished Creatures (collateral kills)
  A juggernaut (Depths:2)
  A golden dragon (Vaults:5)
  A titan (Vaults:5)
  4 shadow dragons (Vaults:5)
  A sphinx (Vaults:5)
  A frost giant (Depths:2)
  A fire giant (Vaults:5)
  3 vault wardens (Vaults:5)
  A war gargoyle (Vaults:5)
  3 very ugly things
  A deep elf death mage (Elf:3)
  A yaktaur captain (Vaults:5)
  A deep elf high priest (Elf:3)
  3 vault guards
  An anaconda (shapeshifter) (Vaults:5)
  A deep troll earth mage (Depths:2)
  A hell knight (Depths:2)
  A deep troll (D:15)
  A glowing orange brain (Depths:2)
  An orc knight (Vaults:5)
  An ugly thing (Depths:2)
  A vault sentinel (Vaults:5)
  A tarantella (shapeshifter) (Vaults:5)
  A tarantella (Spider:4)
  A warg (Vaults:5)
  4 orc warriors (Vaults:5)
  An ogre (Vaults:5)
  An orc (Vaults:5)
40 creatures vanquished.

Vanquished Creatures (others)
  A tentacled monstrosity (Vaults:5)
  2 titans (Vaults:5)
  A sphinx (Vaults:5)
  A storm dragon (Vaults:5)
  A shadow dragon (Vaults:5)
  A tengu reaver (Vaults:5)
  A deep elf sorcerer (Vaults:5)
  2 vault wardens (Vaults:5)
  3 war gargoyles (Vaults:5)
  A deep elf demonologist (Elf:3)
  3 vault guards
  A deep elf death mage (Vaults:5)
  A tengu warrior (Depths:1)
  A necromancer (Depths:1)
  A wolf spider (Spider:3)
  A fire giant simulacrum (Depths:1)
  2 orc warriors (Vaults:5)
  A spriggan simulacrum (Depths:1)
  3 orcs (Vaults:5)
  A training dummy (Elf:1)
  A kobold (D:9)
  24 foxfires
  7 snaplasher vines
  15 tentacles (Shoals:4)
76 creatures vanquished.

Grand Total: 1689 creatures vanquished

Notes
Turn   | Place    | Note
-------+----------+-------------------------------------------
     0 | D:1      | Strat the Vine Stalker Fire Elementalist began the quest
                  | for the Orb.
     0 | D:1      | Reached XP level 1. HP: 9/9 MP: 4/4
   133 | D:1      | Reached XP level 2. HP: 13/13 MP: 6/6
   230 | D:1      | Learned a level 2 spell: Scorch
   263 | D:1      | Found a faded altar of an unknown god.
   659 | D:1      | Reached skill level 1 in Short Blades
   659 | D:1      | Reached XP level 3. HP: 12/16 MP: 0/7
  1289 | D:2      | Found Jedaeps's Book Boutique.
  1558 | D:2      | Gained mutation: Your natural rate of healing is unusually
                  | fast. [Vine Stalker growth]
  1558 | D:2      | Reached XP level 4. HP: 21/21 MP: 3/8
  2572 | D:3      | Found an ancient bone altar of Kikubaaqudgha.
  3139 | D:3      | Reached XP level 5. HP: 24/24 MP: 2/9
  3244 | D:3      | Found a runed translucent gate.
  3244 | D:3      | Found a runed translucent gate.
  3244 | D:3      | Found a runed translucent gate.
  3245 | D:3      | Noticed SeerSkye's ghost (amateur GrEE)
  3527 | D:4      | Noticed an ogre
  3539 | D:4      | Killed an ogre
  3540 | D:4      | Reached XP level 6. HP: 17/28 MP: 4/10
  3598 | D:4      | Reached skill level 5 in Short Blades
  3630 | D:4      | Found a staircase to the Ecumenical Temple.
  3649 | Temple   | Entered the Ecumenical Temple
  3903 | D:4      | Found a shimmering altar of Xom.
  4020 | D:4      | Found the +5 Force Lance {heavy, knockback}
  4133 | D:4      | Found a glowing drain.
  4562 | D:4      | Reached XP level 7. HP: 31/32 MP: 11/11
  4770 | D:4      | Noticed Dowan
  4804 | D:4      | Noticed Duvessa
  4835 | D:5      | Entered Level 5 of the Dungeon
  5157 | D:5      | Noticed Prince Ribbit
  5249 | D:5      | Killed Prince Ribbit
  5460 | D:5      | Gained mutation: You have razor-sharp teeth. [Vine Stalker
                  | growth]
  5460 | D:5      | Reached XP level 8. HP: 34/36 MP: 6/12
  5900 | D:5      | Reached skill level 1 in Fighting
  6201 | D:6      | Reached skill level 2 in Fighting
  6272 | D:6      | Found a shadowy altar of Dithmenos.
  6286 | D:6      | Noticed Sigmund
  6296 | D:6      | Killed Sigmund
  6297 | D:6      | Reached skill level 3 in Fighting
  6399 | D:6      | Reached XP level 9. HP: 44/44 MP: 13/13
  6470 | D:6      | Noticed Maggie
  6592 | D:6      | Killed Maggie
  6593 | D:6      | Reached skill level 4 in Fighting
  6729 | D:6      | Found a shimmering blue altar of Sif Muna.
  6890 | D:4      | Killed Dowan
  7101 | D:4      | Killed Duvessa
  7311 | D:7      | Found a glowing silver altar of Zin.
  7328 | D:7      | Reached skill level 5 in Fighting
  7486 | D:7      | Reached skill level 10 in Short Blades
  7607 | D:7      | Reached skill level 1 in Shields
  7650 | D:7      | Reached skill level 5 in Stealth
  8177 | Temple   | Became a worshipper of Gozag Ym Sagoz the Greedy
  8445 | D:8      | Found a sand-covered staircase.
  8488 | Ossuary  | Entered an ossuary
  8570 | Ossuary  | Reached XP level 10. HP: 51/51 MP: 14/14
  9601 | D:9      | Found a staircase to the Lair.
  9744 | D:9      | Found a sacrificial altar of Ru.
  9905 | D:9      | Found a hide-covered altar of Uskayaw.
 10019 | D:9      | Found a white marble altar of Elyvilon.
 10025 | D:9      | Reached skill level 10 in Stealth
 10119 | D:9      | Found a snail-covered altar of Cheibriados.
 10221 | D:9      | Found a runed translucent door.
 10256 | D:9      | Reached skill level 6 in Fighting
 10280 | D:9      | Found a snail-covered altar of Cheibriados.
 10292 | D:9      | Found an ornate altar of the Wu Jian Council.
 10299 | D:9      | Found a radiant altar of Vehumet.
 10302 | D:9      | Found a broken altar of Ashenzari.
 10384 | D:9      | Found a sacrificial altar of Ru.
 10406 | D:9      | Found a radiant altar of Vehumet.
 10463 | D:9      | Reached skill level 7 in Fighting
 10704 | D:9      | Noticed a flayed ghost
 10745 | D:10     | Entered Level 10 of the Dungeon
 10792 | D:10     | Found a staircase to the Orcish Mines.
 10874 | D:10     | Killed an unseen horror
 10875 | D:10     | Reached XP level 11. HP: 48/60 MP: 13/15
 10966 | D:10     | You fall into a shaft and drop 2 floors!
 11028 | D:11     | Reached skill level 8 in Fighting
 11034 | D:11     | Noticed a two-headed ogre
 11081 | D:11     | Killed a two-headed ogre
 11082 | D:11     | Reached skill level 9 in Fighting
 11183 | D:11     | Noticed a salamander
 11183 | D:11     | a salamander changed into a floating eye
 11187 | D:11     | Paralysed by a floating eye for 2 turns
 11215 | D:11     | Noticed a frost giant
 11215 | D:11     | Noticed an orb spider
 11218 | D:11     | an orb spider changed into a tarantella
 11228 | D:11     | Noticed a fire dragon
 11388 | D:12     | Reached skill level 10 in Fighting
 11442 | D:11     | Noticed a manticore
 11519 | D:12     | Reached skill level 1 in Armour
 11603 | D:12     | Noticed a cyclops
 11608 | D:12     | Killed a cyclops
 11651 | D:11     | Noticed a boulder beetle
 11722 | D:11     | Found Waeghafooq's Overcharged Wands.
 11742 | D:11     | Noticed a cyclops
 11749 | D:11     | Killed a cyclops
 11797 | D:11     | Found Tecausits's Assorted Antiques.
 11845 | D:11     | Found a flickering gateway to a bazaar.
 11851 | Bazaar   | Entered a bazaar
 11865 | Bazaar   | Found Roma Bak's Armour Emporium.
 11865 | Bazaar   | Found Yceh's General Store.
 11900 | Bazaar   | Found Qoymesch's Antique Weapon Emporium.
 11900 | Bazaar   | Found Xaobaces's Armour Shoppe.
 11922 | Bazaar   | Found Hutiud's General Store.
 11983 | Bazaar   | Bought a +0 pair of boots of stealth for 195 gold pieces
 12020 | Bazaar   | Bought a runed rapier for 77 gold pieces
 12096 | D:11     | Killed a manticore
 12131 | D:11     | Killed a boulder beetle
 12311 | D:10     | Reached XP level 12. HP: 64/67 MP: 16/16
 12562 | D:10     | Noticed Snorg
 12579 | D:10     | Killed Snorg
 12588 | D:10     | Found a glowing golden altar of the Shining One.
 12981 | D:12     | Noticed Sonja
 12988 | D:12     | Killed Sonja
 13591 | D:13     | Found a glowing silver altar of Zin.
 13591 | D:13     | Noticed an angel
 13641 | D:13     | Noticed a centaur warrior
 13648 | D:13     | Killed a centaur warrior
 13714 | D:13     | Noticed a boulder beetle
 13738 | D:13     | Killed a boulder beetle
 14024 | D:13     | Noticed a centaur warrior
 14347 | Lair:1   | Entered Level 1 of the Lair of Beasts
 14407 | Lair:1   | Reached skill level 5 in Dodging
 14667 | Lair:1   | Reached skill level 5 in Armour
 14792 | Lair:1   | Noticed Erica
 14800 | Lair:1   | Killed Erica
 14903 | Lair:1   | Found a dark tunnel.
 14908 | Volcano  | Entered a volcano
 15060 | Volcano  | Found a radiant altar of Vehumet.
 15063 | Volcano  | Reached XP level 13. HP: 72/72 MP: 17/17
 15172 | Volcano  | Found a burning altar of Makhleb.
 15812 | Lair:1   | Found a runed translucent gate.
 15812 | Lair:1   | Found a runed translucent gate.
 15812 | Lair:1   | Found a runed translucent gate.
 15815 | Lair:1   | Noticed scisormetimb3rs's ghost (journeyman FoFi)
 15931 | Lair:1   | Found a viscous altar of Jiyva.
 16138 | Lair:2   | Found a hole to the Spider Nest.
 16808 | Lair:3   | Noticed Nessos
 16822 | Lair:3   | Killed Nessos
 16934 | Lair:3   | Noticed Gastronok
 17019 | Lair:3   | Killed Gastronok
 17020 | Lair:3   | Reached skill level 1 in Evocations
 17124 | Lair:3   | Found a staircase to the Shoals.
 17147 | Lair:3   | Reached skill level 5 in Shields
 17599 | Lair:4   | Reached XP level 14. HP: 72/77 MP: 16/18
 17805 | Lair:4   | Reached skill level 5 in Evocations
 18210 | Lair:4   | HP: 2/77 [death yak (11)]
 18579 | Lair:5   | Entered Level 5 of the Lair of Beasts
 18579 | Lair:5   | Found a staircase to the Slime Pits.
 18700 | Lair:5   | Noticed Urug
 18715 | Lair:5   | Killed Urug
 19268 | Lair:5   | Found a viscous altar of Jiyva.
 19491 | Lair:5   | Reached skill level 10 in Shields
 19964 | Lair:5   | Noticed Josephine
 19977 | Lair:5   | Killed Josephine
 20326 | Orc:1    | Entered Level 1 of the Orcish Mines
 20590 | Orc:2    | Entered Level 2 of the Orcish Mines
 20724 | Orc:2    | Found Fygun's Assorted Antiques.
 20998 | Orc:2    | Reached XP level 15. HP: 69/80 MP: 15/19
 21102 | Orc:2    | Found Iloace's Distillery.
 21102 | Orc:2    | Found Ifomauz's Jewellery Emporium.
 21103 | Orc:2    | Found Vetz's Jewellery Shoppe.
 21107 | Orc:2    | Found Dassyet's Magic Scroll Shoppe.
 21163 | Orc:2    | Bought a scroll of teleportation for 45 gold pieces
 21163 | Orc:2    | Bought a scroll of enchant weapon for 112 gold pieces
 21344 | Orc:2    | Bought the ring of the Tortoise {AC+8} for 1664 gold pieces
 21344 | Orc:2    | Found the ring of the Tortoise {AC+8}
 21344 | Orc:2    | Bought an amulet of regeneration for 390 gold pieces
 21399 | Orc:2    | Found Isycroaxa's Magic Scroll Emporium.
 21450 | Orc:2    | Bought a scroll of teleportation for 45 gold pieces
 21450 | Orc:2    | Bought a scroll of teleportation for 45 gold pieces
 21450 | Orc:2    | Bought a scroll of teleportation for 45 gold pieces
 21450 | Orc:2    | Bought a scroll of enchant armour for 112 gold pieces
 21467 | Orc:2    | Found a staircase to the Elven Halls.
 22039 | D:11     | Killed a frost giant
 22543 | D:14     | Identified the +8 tower shield of the Eight Boll Weevils
                  | {Rampage Regen+ Int-4}
 22763 | D:14     | Found a gate to the Vaults.
 23007 | D:14     | Found a blossoming altar of Fedhas.
 23310 | D:15     | Entered Level 15 of the Dungeon
 23572 | D:15     | Learned a level 2 spell: Passwall
 23575 | D:15     | Learned a level 2 spell: Wereblood
 23632 | D:15     | Reached skill level 1 in Transmutations
 23862 | D:15     | Found a staircase to the Depths.
 24095 | D:15     | Found a portal to a secret trove of treasure.
 24334 | Shoals:1 | Entered Level 1 of the Shoals
 24442 | Shoals:1 | Reached skill level 11 in Fighting
 24489 | Shoals:1 | Reached XP level 16. HP: 76/87 MP: 18/23
 25127 | Shoals:1 | Noticed Frances
 25134 | Shoals:1 | Killed Frances
 25175 | Shoals:1 | Reached skill level 5 in Spellcasting
 25370 | Shoals:2 | Found Setuah's Jewellery Shoppe.
 25605 | Shoals:2 | Reached skill level 5 in Transmutations
 26010 | Shoals:2 | Found Dixudghu's Weapon Boutique.
 26015 | Shoals:2 | Reached skill level 12 in Fighting
 26078 | Shoals:2 | Found Ohyaritt's Weapon Shoppe.
 26268 | Shoals:3 | Identified the ring of Pobomih {Fly rElec rC++ Str-5 Int+2
                  | Slay+2}
 26405 | Shoals:3 | Reached skill level 15 in Shields
 27127 | Shoals:4 | Entered Level 4 of the Shoals
 27127 | Shoals:4 | Noticed Polyphemus
 27327 | Shoals:4 | Learned a level 4 spell: Summon Lightning Spire
 27333 | Shoals:4 | Learned a level 5 spell: Summon Forest
 27387 | Shoals:4 | Reached skill level 13 in Fighting
 27429 | Shoals:4 | Reached skill level 1 in Summonings
 27666 | Shoals:4 | Reached XP level 17. HP: 95/95 MP: 25/25
 27765 | Shoals:4 | Noticed a kraken
 28919 | Shoals:4 | Got a barnacled rune of Zot
 29199 | Orc:2    | Bought a ring of poison resistance for 320 gold pieces
 29407 | Spider:1 | Entered Level 1 of the Spider Nest
 29534 | Spider:1 | Reached skill level 5 in Summonings
 30075 | Spider:1 | Found a frozen archway.
 30792 | Spider:1 | Noticed Donald
 30843 | Spider:1 | Killed Donald
 31194 | Spider:2 | Noticed Asterion
 31269 | Spider:2 | Noticed Arachne
 31311 | Spider:2 | Killed Arachne
 31624 | Spider:2 | Found the +3 salamander hide armour {Flames, rFlCloud rF++
                  | rC--}
 31824 | Spider:2 | Killed Asterion
 31825 | Spider:2 | Reached XP level 18. HP: 42/100 MP: 18/31
 32498 | Spider:3 | Noticed Bai Suzhen
 32862 | Spider:3 | Killed Bai Suzhen
 32958 | Spider:3 | Noticed Aizul
 33017 | Spider:3 | Killed Aizul
 33965 | Spider:4 | Entered Level 4 of the Spider Nest
 34015 | Spider:4 | Reached skill level 10 in Dodging
 34143 | Spider:4 | Noticed Agnes
 34155 | Spider:4 | Killed Agnes
 34501 | Spider:4 | Reached skill level 10 in Spellcasting
 35188 | Spider:4 | Reached skill level 1 in Translocations
 35248 | Spider:4 | Identified the +6 spear of Jank {spect, Drain rElec MP+9
                  | Str+2}
 35275 | Spider:4 | Reached skill level 1 in Air Magic
 36010 | Spider:4 | Identified the +0 hat of the Cicada {rElec Stlth+}
 36052 | Spider:4 | Got a gossamer rune of Zot
 36590 | Vaults:1 | Entered Level 1 of the Vaults
 37023 | Vaults:1 | Reached XP level 19. HP: 104/104 MP: 34/34
 37099 | Vaults:1 | Reached skill level 10 in Summonings
 38198 | Vaults:1 | Reached skill level 5 in Translocations
 39281 | Vaults:2 | Found a staircase to the Crypt.
 39318 | Vaults:2 | Reached skill level 5 in Air Magic
 40985 | Vaults:2 | Learned a level 3 spell: Vhi's Electric Charge
 40989 | Vaults:2 | Learned a level 3 spell: Summon Guardian Golem
 41722 | Vaults:3 | Reached XP level 20. HP: 94/109 MP: 31/35
 41737 | Vaults:3 | Reached skill level 15 in Stealth
 41800 | Vaults:3 | Found Imuddol's Distillery.
 41810 | Vaults:3 | Bought a potion of invisibility for 152 gold pieces
 43097 | Vaults:4 | Reached skill level 10 in Translocations
 44200 | Vaults:4 | Found a transporter.
 44200 | Vaults:4 | Found Maariex's Antique Weapon Shoppe.
 44225 | Vaults:4 | Found a transporter.
 44577 | D:11     | Bought a scroll of teleportation for 102 gold pieces
 45590 | Elf:1    | Entered Level 1 of the Elven Halls
 45590 | Elf:1    | Found a runed translucent gate.
 45590 | Elf:1    | Found a runed translucent gate.
 45590 | Elf:1    | Found a runed translucent gate.
 45590 | Elf:1    | Found a runed translucent gate.
 45590 | Elf:1    | Found a runed translucent gate.
 45590 | Elf:1    | Found a runed translucent gate.
 45591 | Elf:1    | Found a runed translucent door.
 45648 | Elf:1    | Reached skill level 14 in Fighting
 45709 | Elf:1    | Found a runed translucent door.
 45965 | Elf:1    | Reached XP level 21. HP: 85/115 MP: 37/37
 46209 | Elf:1    | Got Ziawom's Thoughts on Black Deeds
 46231 | Elf:1    | Noticed Nikola
 46234 | Elf:1    | Killed Nikola
 46288 | Elf:1    | Noticed Jorgrun
 46454 | Elf:1    | Killed Jorgrun
 46746 | Elf:2    | Found a flickering gateway to a bazaar.
 46763 | Bazaar   | Entered a bazaar
 46777 | Bazaar   | Found Ovets's Magic Scroll Shop.
 46782 | Bazaar   | Bought a scroll of teleportation for 51 gold pieces
 46782 | Bazaar   | Bought a scroll of acquirement for 884 gold pieces
 46809 | Bazaar   | Found Nuareewn's Magic Scroll Shop.
 46813 | Bazaar   | Bought a scroll of blinking for 97 gold pieces
 46813 | Bazaar   | Bought a scroll of blinking for 97 gold pieces
 46841 | Bazaar   | Found Igotewku's Distillery.
 46869 | Bazaar   | Found Enolys's Distillery.
 46879 | Bazaar   | Bought a potion of invisibility for 80 gold pieces
 46887 | Bazaar   | Bought a potion of cancellation for 80 gold pieces
 46887 | Bazaar   | Bought a potion of cancellation for 80 gold pieces
 46919 | Elf:2    | Acquired the ring of Ramuim {rC+ rN+ rCorr Str+6}
 47437 | Elf:2    | Found a huge runed translucent gate.
 47437 | Elf:2    | Found a huge runed translucent gate.
 47437 | Elf:2    | Found a huge runed translucent gate.
 47438 | Elf:2    | Found a huge runed translucent gate.
 47440 | Elf:2    | Found a huge runed translucent gate.
 47470 | Elf:3    | Entered Level 3 of the Elven Halls
 47701 | Elf:3    | Paralysed by an air elemental for 1 turns
 47975 | Elf:3    | Identified the +2 leather armour "Jaido" {+Inv rC+ Dex-2}
 48020 | Elf:3    | Reached skill level 15 in Fighting
 48548 | Elf:3    | Identified the staff of conjuration "Cizaniam" {*Slow rElec
                  | Will+ Int+3}
 48549 | Elf:3    | Identified the staff of conjuration "Testruej" {rN+ rCorr
                  | Dex+3}
 48976 | Elf:3    | Got the Commentary on Elliptic Immolation
 49016 | Elf:3    | Identified the +11 battleaxe "Yxku" {flame, Dex+3}
 49229 | Elf:3    | Acquired the +0 kite shield of the Orb {Will+}
 49994 | Vaults:5 | Entered Level 5 of the Vaults
 50566 | Vaults:5 | Reached skill level 16 in Fighting
 50602 | Vaults:5 | Noticed a golden dragon
 50610 | Vaults:5 | Killed a golden dragon
 50665 | Vaults:5 | Reached XP level 22. HP: 124/124 MP: 41/41
 50688 | Vaults:5 | Identified the +12 arbalest "Xoeq" {elec, Int+3}
 50813 | Vaults:5 | Found Pabluat's Weapon Boutique.
 50843 | Vaults:5 | Identified the +7 chain mail "Fidabu" {rC- Will- Regen+
                  | Dex+8}
 50851 | Vaults:5 | Got Beonulot's Thorough Guide to Willworking
 51123 | Vaults:5 | Reached skill level 15 in Spellcasting
 51423 | Vaults:5 | Identified the staff of death "Lennec" {rC+++ rN+ Will+
                  | Int-3 SInv}
 51645 | Vaults:5 | Found Kesmom's Armour Shop.
 51656 | Vaults:5 | Got a silver rune of Zot
 52126 | Depths:1 | Entered Level 1 of the Depths
 52758 | Depths:1 | Found a hazy altar of Hepliaklqana.
 52909 | Depths:1 | Found a gateway to Hell.
 53083 | Depths:1 | Found Kadwak Ome's Assorted Antiques.
 53109 | Depths:1 | Reached skill level 17 in Fighting
 53197 | Depths:1 | Found a one-way gate to the infinite horrors of the Abyss.
 53422 | Depths:2 | Found Miegad's Antique Weapon Shoppe.
 53440 | Depths:2 | Found Vaisued's Antique Armour Shoppe.
 53838 | Depths:2 | Found Ychadud's Jewellery Shoppe.
 53884 | Depths:2 | Bought the ring "Coyfoh" {rElec rPois Will++ Dex-5} for 825
                  | gold pieces
 53943 | Depths:2 | Found a one-way gate leading to the halls of Pandemonium.
 54320 | Depths:2 | Found Kaagrol's Book Shoppe.
 55096 | Depths:2 | Learned a level 5 spell: Summon Mana Viper
 55708 | Depths:2 | Noticed a juggernaut
 55826 | Depths:2 | Killed a juggernaut
 55918 | Depths:2 | Identified the +10 hand axe "Zov Veul" {venom, rElec}
 55946 | Depths:2 | Slain by a death yak

Illustrated notes

Levels and vault maps discovered:
D:1:      dpeg_arrival_rhombus, layout_loops_ring, ebering_ecumenical_altar_hall
D:2:      layout_basic, serial_shops, nicolae_shop_rolling_square
D:3:      layout_loops_ring, kiku_gazebo_garden_becter,
          ebering_ghost_rock_garden
D:4:      minmay_angry_zag, layout_basic, nicolae_overflow_crystal_walls,
          minmay_temple_entry_mist, portal_sewer_entry_f, goddamned_bats,
          uniq_duvessa
D:5:      layout_basic, uniq_prince_ribbit1
D:6:      layout_basic, nicolae_sif_muna_condensation,
          nicolae_dithmenos_the_darkroom, uniq_maggie, uniq_sigmund
D:7:      layout_loops_ring, mainiacjoe_overflow_small_starburst
D:8:      layout_layer_cave, nicolae_ossuary_entry_monument,
          kb_lookout_dungeons_type
D:9:      due_megacathedral, layout_cave_pools, eat_drink_and_be_merry_uskayaw,
          kennysheep_little_box, kennysheep_slug_shrine, elyvilon_altar_5,
          erik_lair_orcish_takeover
D:10:     layout_rooms, nicolae_tso_carved_into_rock, orc_0_dummy,
          minmay_fractal_squares_5, uniq_snorg
D:11:     minmay_klotski, layout_cave_pools, serial_shops, bzr_entry_safe,
          nicolae_shop_rolling_square, nicolae_shop_overcharged_wands
D:12:     layout_grid_maze, uniq_sonja
D:13:     layout_loops_ring, zin_angel
D:14:     layout_long_grid, erik_vaults_2, fedhas_altar_fruit_tree
D:15:     grunt_enter_depths_magical_seal, layout_rooms, enter_trove_3,
          chequers_serial_rivers_micro_a
Temple:   hellmonk_temple_forest_ring
Lair:1:   layout_cave_pods, gammafunk_ghost_ooze, enter_volcano_4,
          grunt_megastairs_2, uniq_erica
Lair:2:   layout_roguey, nicolae_spider_entry_lesser_pyramids,
          beast_lair_carwin_9
Lair:3:   layout_hall_layers, nicolae_shoals_entry_roost, grunt_megastairs_5,
          uniq_nessos, uniq_gastronok
Lair:4:   layout_misc_corridors, infiniplex_staircase_pool
Lair:5:   minmay_lair_end_enchanted_forest, layout_regular_city,
          nicolae_slime_entry_field_trip, chequers_serial_rivers_micro_c,
          minmay_hedge_maze, uniq_urug, uniq_josephine
Shoals:1: layout_shoals, uniq_frances
Shoals:2: layout_shoals, serial_shops, nicolae_shop_behind_doors, shop, shop
Shoals:3: layout_shoals, nicolae_shoals_circle_sea_wall, abandoned_shop
Shoals:4: shoals_end_grunt_ice, layout_shoals, uniq_polyphemus
Spider:1: layout_spider_delve, portal_ice_cave_entry_ice_statue_one, drop_trap,
          hangedman_spider_tarantella_strand, uniq_donald
Spider:2: layout_spider_delve, nicolae_spider_cling_halls, uniq_arachne,
          uniq_asterion
Spider:3: layout_spider_delve, nicolae_spider_moth_buddies, uniq_aizul,
          uniq_bai_suzhen
Spider:4: spider_rune_water, uniq_agnes
Orc:1:    layout_caves
Orc:2:    st_orc_mages, layout_diamond_mine, serial_shops, shop, shop
Elf:1:    nicolae_elf_arrival_dilemma, layout_loops_cross, special_room
          [special_room_orc], portal_desolation_entry_nicolae_nacl,
          minmay_elf_necromancy, nicolae_elf_archery_training, uniq_nikola,
          uniq_jorgrun
Elf:2:    elven_hall_of_blades_hangedman_alternative
          [nicolae_blade_entry_hurt_lockers], layout_geoelf_diagonals,
          serial_shops, bzr_entry_islet, lemuel_upstairs_altar
Elf:3:    grunt_elf_hall_branching, layout_gridlike, serial_sigils,
          serial_sigils_hangedman_writhe, serial_sigils_hangedman_confine,
          serial_sigils_hangedman_etch, serial_sigils_hangedman_carve,
          serial_sigils_hangedman_shear, serial_sigils_hangedman_quiver
Vaults:1: hangedman_vaults_snaps, nicolae_vaults_gold_heap,
          nicolae_vaults_meiosis, nicolae_vaults_closet_pinwheel_4, v_misc_5,
          nicolae_vaults_double_plus_1, nicolae_vaults_puzzle_piece,
          nicolae_vaults_tetromino_Z_1, hangedman_vaults_variations,
          ontoclasm_vaults_shout, vaults_mumra_chevron,
          nicolae_vaults_variable_pillar_hall, nicolae_vaults_ring_of_whatevers,
          vaults_dpeg_diagonal, nicolae_vaults_trapezoid_lopsided_3,
          layout_vaults_omnibox
Vaults:2: nicolae_vaults_little_squares_1, minmay_crypt_entry_simple_corners,
          nicolae_vaults_closet_pinwheel_3, vaults_mumra_hexcomb,
          ontoclasm_vaults_idyll, nicolae_vaults_spaceships, v_misc_27,
          nicolae_vaults_diagonal_hallway_7, nicolae_vaults_layer_cake_slice,
          hangedman_vaults_stretched_pinwheel, st_more_cells,
          nicolae_vaults_offset_grid_hallway_3, layout_vaults_big_cross
Vaults:3: serial_ice_g, vaults_standard_mumra_lines, vaults_dpeg_hooks,
          v_misc_9, nicolae_vaults_trapezoid_3, grunt_vaults_funnel,
          nicolae_vaults_mini_display_case, nicolae_vaults_circle_grid_b,
          v_misc_28, hangedman_vaults_stagger, vaults_room_semicircle,
          layout_vaults_ring, serial_shops, shop
Vaults:4: v_misc_5, nicolae_vaults_storage_closets_3, nicolae_vaults_turnstiles,
          ontoclasm_vaults_gallery, nicolae_vaults_trapezoid_4,
          dpeg_vaults_monster_box, nicolae_vaults_tetromino_Z_1,
          hangedman_vaults_capsules, vaults_mumra_minichess_inversion,
          nicolae_vaults_house_1, vaults_room_stairs_pillars,
          layout_vaults_chaotic_city, serial_shops, nicolae_shop_drivethru
Vaults:5: serial_shops
Depths:1: layout_long_grid, nicolae_hepliaklqana_hazy_memory, serial_shops,
          nicolae_shop_peninsula, hellmouth_1, abyss_entry,
          lemuel_flamethrower_2
Depths:2: minmay_rotating_shell, layout_gridlike, rand_demon_pan_entry_8,
          serial_shops, shop, nicolae_book_shop_shelving,
          nicolae_shop_rolling_square, nicolae_shop_tiny_glass, hell_entry,
          minmay_misc_feat_five

Skill      XL: |  1  2  3  4  5  6  7  8  9 10 11 12 13 14 15 16 17 18 19 20 21 22 |
---------------+-------------------------------------------------------------------+-----
Stealth        | 3 4 6 10 11 14 15 | 15.0
Short Blades   | 1 2 3 4 6 7 9 10 12 14 | 14.0
Fighting       | 3 5 7 10 11 13 14 16 17 | 17.7
Shields        | 3 4 6 11 14 15 | 15.0
Dodging        | 3 5 6 7 9 10 | 10.0
Armour         | 3 5 |  5.0
Evocations     | 4 5 |  5.0
Transmutations | 3 5 |  5.0
Spellcasting   | 4 5 8 10 11 14 16 | 16.6
Summonings     | 2 7 9 11 12 | 12.1
Translocations | 3 6 10 | 10.1
Air Magic      | 3 6 |  6.0
Conjurations   | |  1.0
Fire Magic     | |  3.0

Action                     |  1- 3 |  4- 6 |  7- 9 | 10-12 | 13-15 | 16-18 | 19-21 | 22-24 || total
---------------------------+-------+-------+-------+-------+-------+-------+-------+-------++-------
  Melee: Dagger            |    54 |   226 |   386 |   588 |       |       |       |       ||  1254
         Bite              |    11 |    59 |   150 |   334 |   478 |  1262 |  1384 |   499 ||  4177
         Punch             |     2 |     4 |     5 |       |       |       |       |       ||    11
         Rapier            |       |       |       |   224 |  1258 |  2800 |  2494 |   773 ||  7549
   Cast: Foxfire           |    12 |       |     1 |       |     1 |       |       |       ||    14
         Scorch            |    13 |    27 |    26 |     5 |       |       |       |       ||    71
         Summon Lightning  |       |       |       |       |       |       |    11 |    17 ||    28
         Summon Forest     |       |       |       |       |       |       |     5 |    15 ||    20
         Summon Guardian G |       |       |       |       |       |       |     2 |       ||     2
 Invoke: Bribe Branch      |       |       |       |       |       |       |     1 |       ||     1
  Evoke: Wand              |       |       |     2 |       |     6 |     5 |     1 |     3 ||    17
    Use: Scroll            |       |       |    15 |    16 |    15 |    17 |    24 |     6 ||    93
         Potion            |       |       |     2 |     4 |     3 |    14 |    10 |     1 ||    34
   Stab: Sleeping          |     4 |     9 |    10 |    32 |    37 |    52 |    61 |     9 ||   214
         Distracted        |       |     1 |     5 |     2 |    14 |    16 |    27 |     9 ||    74
         Invisible         |       |       |       |     7 |     1 |       |       |       ||     8
 Armour: Robe              |    11 |   113 |    61 |       |       |       |       |       ||   185
         Steam dragon scal |       |       |    59 |   260 |   316 |   709 |   321 |   131 ||  1796
  Dodge: Dodged            |    38 |   196 |   164 |   368 |   459 |  1120 |   564 |   251 ||  3160
  Block: Buckler           |       |       |    27 |   186 |    71 |       |       |       ||   284
         Kite shield       |       |       |       |       |   399 |  1581 |   769 |   272 ||  3021
         Reflection        |       |       |       |       |       |     4 |    27 |       ||    31
